 Dungeon Crawl Stone Soup version 0.29-a0-841-g116ddc6ace (webtiles) character file.

Game seed: 5021538866439594479

1054 jimonade the Insei (level 8, 0/90 HPs)
             Began as a Gnoll Transmuter on July 14, 2022.
             Slain by a killer bee (2 damage)
             ... on level 5 of the Dungeon.
             The game lasted 00:09:44 (4832 turns).

jimonade the Insei (Gnoll Transmuter)               Turns: 4832, Time: 00:09:45

Health: 0/90       AC:  8    Str: 17    XL:     8   Next: 26%
Magic:  14/17      EV: 13    Int: 12    God:
Gold:   277        SH:  0    Dex: 14    Spells: 16/19 levels left

rFire   . . .      SeeInvis .     - Unarmed
rCold   . . .      Faith    .   (no shield)
rNeg    . . .      Spirit   .   k - +0 ring mail
rPois   .          Reflect  .   w - +0 helmet
rElec   .          Harm     .   (no cloak)
rCorr   .          Rampage  .   (no gloves)
Will    .....                   q - +0 pair of boots
Stlth   ..........              (no amulet)
HPRegen 0.25/turn               c - +6 ring of strength
MPRegen 0.15/turn               j - ring of flight

@: berserking, flying, very quick
A: fangs 1, strong nose, distributed training
a: no special abilities


You were on level 5 of the Dungeon.
You visited 1 branch of the dungeon, and saw 5 of its levels.

You collected 277 gold pieces.

Inventory:

Hand Weapons
 e - a +0 short sword
 h - a +0 hand axe
 m - a +0 whip
 p - a +0 spear
 z - a +3 whip
 A - a +0 halberd
 B - a +0 rapier
 C - a +0 spear
 D - a +1 dagger of holy wrath
 K - a +1 dagger of draining
Missiles
 f - 91 stones
 s - 9 poisoned darts
Armour
 a - a +0 robe
 k - a +0 ring mail (worn)
 n - a +0 scale mail
 q - a +0 pair of boots (worn)
 w - a +0 helmet (worn)
 y - a +0 leather armour
Jewellery
 c - a +6 ring of strength (left hand)
 j - a ring of flight (right hand)
 J - an amulet of magic regeneration
 L - a ring of ice
Wands
 M - a wand of mindburst (18)
Scrolls
 i - 6 scrolls of identify {unknown}
 o - a scroll of immolation {unknown}
 r - a scroll of amnesia {unknown}
 t - 2 scrolls of teleportation {unknown}
 u - a scroll of noise {unknown}
 v - a scroll of silence {unknown}
 E - a scroll of brand weapon {unknown}
 F - a scroll of blinking {unknown}
 G - a scroll of fog {unknown}
 H - a scroll of fear {unknown}
Potions
 b - 5 potions of lignification
 d - 3 potions of attraction {unknown}
 g - 2 potions of haste {unknown}
 l - a potion of berserk rage
 x - a potion of resistance {unknown}
 I - 2 potions of magic {unknown}
 N - a potion of brilliance {unknown}


   Skills:
 + Level 4.2 Fighting
 + Level 3.2 Short Blades
 + Level 3.2 Long Blades
 + Level 3.2 Axes
 + Level 3.2 Maces & Flails
 + Level 3.2 Polearms
 + Level 3.2 Staves
 + Level 3.2 Ranged Weapons
 + Level 3.2 Throwing
 + Level 3.2 Armour
 + Level 5.6 Dodging
 + Level 3.2 Stealth
 + Level 3.2 Shields
 + Level 7.3 Unarmed Combat
 + Level 6.0 Spellcasting
 + Level 2.6 Conjurations
 + Level 2.6 Hexes
 + Level 2.6 Summonings
 + Level 2.6 Necromancy
 + Level 2.6 Translocations
 + Level 4.6 Transmutations
 + Level 2.6 Fire Magic
 + Level 2.6 Ice Magic
 + Level 2.6 Air Magic
 + Level 2.6 Earth Magic
 + Level 2.6 Poison Magic
 + Level 3.5 Invocations
 + Level 3.2 Evocations


You had 16 spell levels left.
You knew the following spells:

 Your Spells              Type           Power      Damage    Failure   Level
a - Beastly Appendage     Tmut           28%        N/A       4%          1
b - Wereblood             Tmut           14%        N/A       7%          2

Your spell library contained the following spells:

 Spells                   Type           Power      Damage    Failure   Level
 Apportation              Tloc           18%        N/A       11%         1
 Magic Dart               Conj           36%        1d4       11%         1
 Necrotise                Necr           36%        1d5       11%         1
 Summon Small Mammal      Summ           36%        N/A       11%         1
 Call Imp                 Summ           9%         N/A       17%         2
 Spider Form              Tmut/Pois      12%        N/A       22%         3
 Mephitic Cloud           Conj/Pois/Air  9%         N/A       32%         3
 Ozocubu's Armour         Ice            9%         N/A       32%         3
 Ice Form                 Ice/Tmut       12%        N/A       56%         4
 Ozocubu's Refrigeration  Ice            4%         4d5       100%        7


Dungeon Overview and Level Annotations

Branches:
Dungeon (5/15)
 Temple: D:4-7

Altars:
Xom

Shops:
D:1 [   D:3 (


Innate Abilities, Weirdness & Mutations

You have very sharp teeth.
Your uncanny sense of smell can sniff out nearby items.
Your experience applies equally to all skills.


Message History

Your +0 helmet unmelds from your body.
Your +0 pair of boots unmelds from your body.
* * * LOW HITPOINT WARNING * * *
You feel sick. The killer bee closely misses you.
It was a potion of berserk rage.
A red film seems to cover your vision as you go berserk!
You feel yourself moving faster!
You feel mighty!
You feel sick. The killer bee closely misses you.
The killer bee stings you but does no damage.
You are too injured to fight recklessly!
Unknown command.
You are too berserk!
Unknown command.
You barely miss the killer bee. Your bite misses the killer bee.
The killer bee is almost dead.
The killer bee stings you but does no damage.
You closely miss the killer bee.
The killer bee is almost dead.
* * * LOW HITPOINT WARNING * * *
You feel sick. The killer bee misses you. x2
You punch the killer bee!
You kill the killer bee!
Your magical contamination has completely faded away.
You closely miss the killer bee.
* * * LOW HITPOINT WARNING * * *
You feel sick.
The killer bee stings you but does no damage.
You punch the killer bee! Your bite misses the killer bee.
The killer bee is severely wounded.
The killer bee closely misses you.
You barely miss the killer bee.
The killer bee is severely wounded.
* * * LOW HITPOINT WARNING * * *
You feel sick.
You are no longer poisoned.
The killer bee misses you.
You miss the killer bee. You bite the killer bee.
You kill the killer bee!
The killer bee stings you.
You die...

### ... ###.####.
#....y... #y#.####.
#@# # ### #.# ..
#.# # #.# ## #.##
###### ###. #..#
#.....##...
###.#####.....#.###
#......##.......# #
#.#.##.##.....#.###


You could see a killer bee.

Vanquished Creatures
  Grinder (D:4)
  Menkaure (D:4)
  A phantom (D:5)
  A necrophage (D:4)
  A scorpion (D:5)
  4 killer bees (D:5)
  A jelly (D:5)
  2 hounds (D:4)
  2 orc priests (D:5)
  A gnoll bouda (D:4)
  An iguana (D:5)
  2 orc wizards (D:5)
  Robin (D:2)
  5 gnolls (D:4)
  2 adders
  A white imp (D:4)
  2 worms
  4 dart slugs
  An orc (D:5)
  An endoplasm (D:1)
  5 giant cockroaches
  4 hobgoblins
  3 jackals (D:1)
  7 kobolds
  3 quokkas
  8 ball pythons
  3 bats
  5 frilled lizards
  9 goblins (D:2)
  2 rats
84 creatures vanquished.

Notes
Turn   | Place    | Note
-------+----------+-------------------------------------------
     0 | D:1      | jimonade the Gnoll Transmuter began the quest for the Orb.
     0 | D:1      | Reached XP level 1. HP: 17/17 MP: 6/6
   119 | D:1      | Reached XP level 2. HP: 10/23 MP: 5/7
   412 | D:1      | Found Jenun's Armour Shop.
   746 | D:1      | Found a faded altar of an unknown god.
  1072 | D:2      | Noticed Robin
  1076 | D:2      | Reached skill level 5 in Spellcasting
  1076 | D:2      | Reached XP level 3. HP: 25/28 MP: 6/9
  1080 | D:2      | Killed Robin
  1081 | D:2      | Reached skill level 1 in Invocations
  1101 | D:2      | Reached skill level 1 in Short Blades
  1101 | D:2      | Reached skill level 1 in Long Blades
  1101 | D:2      | Reached skill level 1 in Axes
  1101 | D:2      | Reached skill level 1 in Maces & Flails
  1101 | D:2      | Reached skill level 1 in Polearms
  1101 | D:2      | Reached skill level 1 in Staves
  1101 | D:2      | Reached skill level 1 in Ranged Weapons
  1101 | D:2      | Reached skill level 1 in Throwing
  1101 | D:2      | Reached skill level 1 in Armour
  1101 | D:2      | Reached skill level 1 in Stealth
  1101 | D:2      | Reached skill level 1 in Shields
  1101 | D:2      | Reached skill level 1 in Evocations
  1394 | D:1      | Learned a level 2 spell: Wereblood
  1846 | D:2      | Reached XP level 4. HP: 30/34 MP: 11/11
  2185 | D:3      | Found Wuuquly's Antique Weapon Shoppe.
  2805 | D:4      | Noticed a necrophage
  2815 | D:4      | Killed a necrophage
  2816 | D:4      | Reached skill level 1 in Conjurations
  2816 | D:4      | Reached skill level 1 in Hexes
  2816 | D:4      | Reached skill level 1 in Summonings
  2816 | D:4      | Reached skill level 1 in Necromancy
  2816 | D:4      | Reached skill level 1 in Translocations
  2816 | D:4      | Reached skill level 1 in Fire Magic
  2816 | D:4      | Reached skill level 1 in Ice Magic
  2816 | D:4      | Reached skill level 1 in Air Magic
  2816 | D:4      | Reached skill level 1 in Earth Magic
  2816 | D:4      | Reached skill level 1 in Poison Magic
  2816 | D:4      | Reached XP level 5. HP: 13/41 MP: 12/12
  3149 | D:4      | Reached XP level 6. HP: 38/47 MP: 11/13
  3267 | D:4      | Found a shimmering altar of Xom.
  3279 | D:4      | Noticed Grinder
  3304 | D:4      | Killed Grinder
  3305 | D:4      | Reached skill level 5 in Dodging
  3481 | D:4      | Reached skill level 7 in Unarmed Combat
  3481 | D:4      | Reached XP level 7. HP: 44/52 MP: 12/15
  3539 | D:4      | Noticed Menkaure
  3552 | D:4      | Killed Menkaure
  4139 | D:5      | Entered Level 5 of the Dungeon
  4417 | D:5      | Reached XP level 8. HP: 60/60 MP: 14/16
  4824 | D:5      | HP: 3/60 [poisoned by a killer bee]
  4829 | D:5      | HP: 2/90 [poisoned by a killer bee]
  4832 | D:5      | Slain by a killer bee

Illustrated notes

Levels and vault maps discovered:
D:1:      amcnicky_arrival_gap_in_the_tavern_cellar, layout_basic, serial_shops,
          nicolae_square_shop, ebering_ecumenical_altar_hall
D:2:      layout_loops_cross, chequers_serial_rivers_micro_e, uniq_robin
D:3:      layout_loops_ring, serial_shops, shop, kennysheep_boxes
D:4:      layout_basic, mainiacjoe_overflow_alcove_4, st_stairs_13,
          uniq_grinder, uniq_menkaure
D:5:      layout_loops_cross, makhleb_blood_cavern_becter,
          hangedman_glass_teeth, minmay_misc_feat_more_columns,
          uniq_prince_ribbit1

Skill      XL: |  1  2  3  4  5  6  7  8 |
---------------+-------------------------+-----
Spellcasting   | 5 6 |  6.0
Invocations    | 1 2 3 |  3.5
Short Blades   | 1 2 3 |  3.2
Long Blades    | 1 2 3 |  3.2
Axes           | 1 2 3 |  3.2
Maces & Flails | 1 2 3 |  3.2
Polearms       | 1 2 3 |  3.2
Staves         | 1 2 3 |  3.2
Ranged Weapons | 1 2 3 |  3.2
Throwing       | 1 2 3 |  3.2
Armour         | 1 2 3 |  3.2
Stealth        | 1 2 3 |  3.2
Shields        | 1 2 3 |  3.2
Evocations     | 1 2 3 |  3.2
Fighting       | 3 4 |  4.2
Conjurations   | 1 2 |  2.6
Hexes          | 1 2 |  2.6
Summonings     | 1 2 |  2.6
Necromancy     | 1 2 |  2.6
Translocations | 1 2 |  2.6
Fire Magic     | 1 2 |  2.6
Ice Magic      | 1 2 |  2.6
Air Magic      | 1 2 |  2.6
Earth Magic    | 1 2 |  2.6
Poison Magic   | 1 2 |  2.6
Transmutations | 4 |  4.6
Dodging        | 5 |  5.6
Unarmed Combat | 7 |  7.3

Action                   |  1- 3 |  4- 6 |  7- 9 || total
-------------------------+-------+-------+-------++-------
Melee: Unarmed           |    87 |    75 |    81 ||   243
       Kick              |     9 |    19 |    13 ||    41
       Bite              |     4 |     5 |    10 ||    19
       Headbutt          |    11 |    10 |     9 ||    30
       Punch             |       |       |     3 ||     3
 Cast: Beastly Appendage |    21 |    14 |     8 ||    43
       Wereblood         |     3 |     7 |     7 ||    17
  Use: Potion            |       |       |     1 ||     1
 Stab: Sleeping          |     3 |       |       ||     3
Armor: Robe              |     8 |       |       ||     8
       Ring mail         |       |    22 |    15 ||    37
Dodge: Dodged            |    44 |    36 |    36 ||   116

Table legend: (Time is in decaauts)
 A = Elapsed time spent in this place.
 B = Non-inter-level travel time spent in this place.
 C = Inter-level travel time spent in this place.
 D = Time resting spent in this place.
 E = Time spent auto-exploring this place.
 F = Levels seen in this place.
 G = Mean time per level.
                   A        B        C        D        E       F      G
               +--------+--------+--------+--------+--------+-----+--------+
         Total |   4798 |   4718 |     80 |    728 |   3080 |   5 |  959.6 |
       Dungeon |   4798 |   4718 |     80 |    728 |   3080 |   5 |  959.6 |
               +--------+--------+--------+--------+--------+-----+--------+

Top non-repeatable levels by time:
     D:1: 1307 daAuts
     D:4: 1097 daAuts
     D:2: 861 daAuts
     D:3: 850 daAuts
     D:5: 682 daAuts
